 Dungeon Crawl Stone Soup version 0.19.5 (webtiles) character file.

35450 ghjk the Unseen (level 13, -1/59 HPs)
             Began as a Spriggan Enchanter on May 3, 2017.
             Was a High Priest of Vehumet.
             Slain by a dream sheep (12 damage)
             ... on level 6 of the Lair of Beasts on May 4, 2017.
             The game lasted 01:03:12 (18607 turns).

ghjk the Unseen (Spriggan Enchanter)               Turns: 18607, Time: 01:03:12

Health: -1/59      AC:  5    Str: 10    XL:     13   Next: 47%
Magic:  24/31      EV: 21    Int: 20    God:    Vehumet [*****.]
Gold:   732        SH:  0    Dex: 17    Spells: 5 memorised, 22 levels left

rFire  + . .     SeeInvis +     u - +11 dagger "Avierese" {drain, -Tele rElec rC+ Str+5}
rCold  + . .     Gourm    .     b - +2 robe
rNeg   . . .     Faith    .     (shield restricted)
rPois  .         Spirit   .     (helmet restricted)
rElec  +         Reflect  .     A - +0 cloak {+Inv}
rCorr  .         Harm     .     (gloves unavailable)
MR     ++...     NoTele   +     (boots unavailable)
Stlth  ++++++++..               (no amulet)
                                I - ring of protection from fire
                                E - ring of stealth

@: very quick
A: unfitting armour, see invisible, herbivore 3, speed 3, slow metabolism 2
a: Renounce Religion, Evoke Invisibility


You were on level 6 of the Lair of Beasts.
You worshipped Vehumet.
Vehumet was extremely pleased with you.
You were not hungry.

You visited 3 branches of the dungeon, and saw 16 of its levels.
You also visited: Sewer.

You collected 842 gold pieces.
You spent 110 gold pieces at shops.

Inventory:

Hand Weapons
 a - a +1 dagger
 u - the +11 dagger "Avierese" (weapon) {drain, -Tele rElec rC+ Str+5}
   (You found it on level 6 of the Dungeon)

   A truly terrible weapon, it drains the life of those it strikes.
   It affects your strength (+5).
   It protects you from cold.
   It insulates you from electricity.
   It prevents most forms of teleportation.
Armour
 b - a +2 robe (worn)
 A - a +0 cloak of invisibility (worn)
Magical Staves
 J - an uncursed staff of summoning {unknown}
Rods
 R - a +1 lightning rod (14/14)
   (You found it on level 4 of the Lair of Beasts)
Jewellery
 r - an uncursed ring of ice
 w - an uncursed amulet of regeneration
 x - an uncursed ring of fire
 D - an uncursed amulet of magic regeneration
 E - a ring of stealth (left hand)
 I - a ring of protection from fire (right hand)
 K - a +3 ring of dexterity {unknown}
Wands
 e - a wand of polymorph (8/24)
 p - a wand of flame (28/48)
 v - a wand of paralysis (8/24)
 y - a wand of slowing (28/48)
 B - a wand of iceblast (8/15)
 M - a wand of flame (25/48)
 O - a wand of paralysis (11/24)
 S - a wand of iceblast (10/15)
 T - a wand of disintegration (11/24)
Scrolls
 g - 2 scrolls of magic mapping
 i - 3 scrolls of teleportation
 k - 4 scrolls of fog
 n - 9 scrolls of remove curse
 s - a scroll of amnesia
 H - 3 scrolls of blinking
 P - 5 scrolls of identify
 Q - a scroll of enchant weapon {unknown}
 U - 2 scrolls of recharging {unknown}
Potions
 f - 3 potions of cancellation
 h - 10 potions of curing
 j - a potion of berserk rage
 l - a potion of brilliance
 o - 3 potions of cure mutation
 q - 3 potions of resistance
 t - a potion of lignification
 z - 2 potions of haste
 C - a potion of might
 F - 4 potions of agility
 N - a potion of magic {unknown}
Books
 c - a book of Maledictions

   Spells                             Type                      Level
   a - Corona                         Hexes                        1
   b - Ensorcelled Hibernation        Hexes/Ice                    2
   c - Confuse                        Hexes                        3
   d - Tukima's Dance                 Hexes                        3
   e - Dazzling Spray                 Conjuration/Hexes            3
 m - a book of Battle

   Spells                             Type                      Level
   a - Infusion                       Charms                       1
   b - Shroud of Golubria             Charms/Translocation         2
   c - Song of Slaying                Charms                       2
   d - Spectral Weapon                Hexes/Charms                 3
   e - Regeneration                   Charms/Necromancy            3
 G - a book of Conjurations

   Spells                             Type                      Level
   a - Magic Dart                     Conjuration                  1
   b - Searing Ray                    Conjuration                  2
   c - Dazzling Spray                 Conjuration/Hexes            3
   d - Fulminant Prism                Conjuration/Hexes            4
   e - Iskenderun's Mystic Blast      Conjuration                  4
   f - Iskenderun's Battlesphere      Conjuration/Charms           5
 L - a book of Clouds

   Spells                             Type                      Level
   a - Mephitic Cloud                 Conjuration/Poison/Air       3
   b - Conjure Flame                  Conjuration/Fire             3
   c - Poisonous Cloud                Conjuration/Poison/Air       6
   d - Freezing Cloud                 Conjuration/Ice/Air          6
   e - Ring of Flames                 Charms/Fire                  7
 V - a book of Geomancy

   Spells                             Type                      Level
   a - Sandblast                      Earth                        1
   b - Passwall                       Transmutation/Earth          2
   c - Stone Arrow                    Conjuration/Earth            3
   d - Petrify                        Transmutation/Earth          4
   e - Lee's Rapid Deconstruction     Earth                        5
Comestibles
 d - 4 bread rations
 W - a royal jelly


   Skills:
 + Level 2.5 Fighting
 + Level 9.2 Short Blades
 + Level 5.7 Dodging
 * Level 18.3 Stealth
 + Level 13.2 Spellcasting
 + Level 15.2 Hexes
 + Level 2.0 Ice Magic


You had 22 spell levels left.
You knew the following spells:

 Your Spells              Type           Power        Failure   Level  Hunger
a - Corona                Hex            ######.      0%          1    None
b - Ensorcelled Hibernat  Hex/Ice        #####.       1%          2    None
c - Confuse               Hex            ######..     1%          3    None
d - Yara's Violent Unrav  Hex/Tmut       #####.....   2%          5    ####...
e - Lightning Bolt        Conj/Air       ##........   61%         5    ####...


Dungeon Overview and Level Annotations

Branches:
Dungeon (9/15)             Temple (1/1) D:5            Lair (6/6) D:9
 Shoals (0/4) Lair:2        Snake (0/4) Lair:2        Slime (0/5) Lair:6
    Orc: D:9-12

Altars:
Ashenzari
Cheibriados
Dithmenos
Elyvilon
Fedhas
Gozag
Hepliaklqana
Kikubaaqudgha
Makhleb
Nemelex Xobeh
Okawaru
Qazlal
Ru
Sif Muna
Trog
Uskayaw
Vehumet
Xom
Yredelemnul
Zin
The Shining One

Shops:
D:6 ?

Annotations:
Lair:1 Erica
Lair:6 Frank's ghost, journeyman GrFi


Innate Abilities, Weirdness & Mutations

You are very small and have problems with some larger weapons.
You are too small for most types of armour.
You have supernaturally acute eyesight. (SInv)
You are a herbivore.
You cover ground extremely quickly.
You need consume almost no food.


Message History

The dream sheep is heavily wounded.
You hit the dream sheep.
The dream sheep is severely wounded.
The dream sheep closely misses the dream sheep.
Casting: Confuse
Confirm with . or Enter, or press ? or * to list all spells.
Aiming: Confuse
Press: ? - help, Shift-Dir - straight line, f/p - dream sheep
Aim: a dream sheep (severely wounded, confused, lightly drained, chance to defeat MR: 71%)
The dream sheep appears confused.
The dream sheep bites you.
You catch the helpless dream sheep completely off-guard!
You stick the dream sheep like a pincushion!!!
You kill the dream sheep!
Vehumet accepts your kill.
You feel your power returning. The dream sheep bites you!
* * * LOW HITPOINT WARNING * * *
The dream sheep shake their wool and sparkle.
You feel drowsy...
You fall asleep.
The dream sheep bites you!
You wake up.
You die...

# ###. ###### P## #.P.
###....## ##..P ....P
#.#.....## ..... ....#
#........## ...#
##...##.........## ..##
#.....##.........# ...#
#....#Y.........## ...#
#†Y@.........## ...##
#..YY#P...........##
....#
#....P##..........PP#
...##
##..................#####
..##
#........[.........##..#
...#
#.[..................#.#
..##
#.#...P...†..........###
...#
##.........#.[..###...##
...#
.#.............#..#...##


You could see 4 dream sheep.

Vanquished Creatures
  6 hydras
  A manticore (D:8)
  3 sirens (Lair:2)
  15 elephants
  5 black mambas
  13 spiny frogs
  4 rime drakes
  4 komodo dragons
  A polar bear (Lair:5)
  A merfolk (Lair:2)
  3 hippogriffs
  6 dream sheep
  12 blink frogs
  21 yaks
  A wyvern (D:9)
  2 spriggans (Lair:5)
  5 basilisks
  2 steam dragons
  3 nagas (Lair:2)
  A warg (Lair:2)
  15 water moccasins
  12 porcupines
  An ice beast (D:9)
  A phantom (D:5)
  A necrophage (D:8)
  2 black bears
  An orc warrior (D:8)
  7 ogres
  An eye of draining (Lair:6)
  11 wolves
  3 centaurs
  15 crocodiles
  A big kobold (D:9)
  8 bullfrogs
  4 scorpions
  4 killer bees (D:8)
  A howler monkey (D:4)
  4 wights (D:9)
  5 crimson imps
  A bullfrog skeleton (D:6)
  2 bullfrog zombies
  2 centaur zombies
  A quasit (D:8)
  2 hounds
  2 centaur skeletons
  4 orc priests
  4 jellies
  5 orc wizards
  Crazy Yiuf (D:7)
  3 iguanas
  6 worker ants
  5 hell rats (Lair:5)
  A hound zombie (D:8)
  2 hound skeletons
  6 gnolls
  2 howler monkey skeletons
  2 river rats (D:9)
  10 adders
  An ooze (D:5)
  An adder zombie (D:5)
  An adder skeleton (D:4)
  7 worms
  5 dart slugs
  4 leopard geckos
  29 orcs
  2 giant cockroaches
  4 goblins
  6 hobgoblins
  14 jackals
  12 kobolds
  3 quokkas
  3 ball pythons
  8 bats
  8 frilled lizards
  A leopard gecko zombie (D:9)
  A quokka skeleton (D:4)
  A quokka zombie (D:9)
  6 rats
  2 fungi (Lair:5)
386 creatures vanquished.

Vanquished Creatures (others)
  The ghost of Lucio the Destroyer, a novice VSCj of Makhleb (D:8)
  A worker ant zombie (D:8)
  2 orcs (D:8)
  A bush (Lair:5)
  2 fulminant prisms (D:8)
  14 fungi
  11 plants
32 creatures vanquished.

Grand Total: 418 creatures vanquished

Notes
Turn   | Place    | Note
-------+----------+-------------------------------------------
     0 | D:1      | ghjk the Spriggan Enchanter began the quest for the Orb.
     0 | D:1      | Reached XP level 1. HP: 9/9 MP: 5/5
   385 | D:1      | Reached XP level 2. HP: 9/13 MP: 3/6
   459 | D:1      | Learned a level 2 spell: Ensorcelled Hibernation
  1154 | D:2      | Reached XP level 3. HP: 15/16 MP: 5/8
  1158 | D:2      | Reached skill level 5 in Stealth
  1388 | D:1      | Learned a level 3 spell: Confuse
  1679 | D:2      | Found a blossoming altar of Fedhas.
  1713 | D:2      | Reached XP level 4. HP: 21/21 MP: 2/9
  2527 | D:3      | Found a glowing drain.
  2540 | Sewer    | Entered a sewer
  2553 | Sewer    | Noticed rockabillymoo's ghost (amateur DsCK)
  2623 | D:3      | Found a sacrificial altar of Ru.
  2739 | D:3      | Reached skill level 6 in Stealth
  3267 | D:3      | Reached XP level 5. HP: 15/24 MP: 3/11
  3893 | D:4      | Reached skill level 5 in Hexes
  4021 | D:4      | Noticed an ogre
  4155 | D:4      | Reached XP level 6. HP: 28/28 MP: 8/13
  4262 | D:4      | Reached skill level 7 in Stealth
  4262 | D:4      | Reached skill level 1 in Ice Magic
  4323 | D:4      | Found Zin's Purification Station.
  4472 | D:4      | Found a glowing silver altar of Zin.
  4479 | D:4      | Bought a potion of curing for 90 gold pieces
  4634 | D:4      | Found a stormy altar of Qazlal.
  4935 | D:4      | Reached XP level 7. HP: 31/32 MP: 12/15
  5070 | D:5      | Entered Level 5 of the Dungeon
  5109 | D:5      | Reached skill level 5 in Spellcasting
  5130 | D:5      | Found a staircase to the Ecumenical Temple.
  5346 | Temple   | Entered the Ecumenical Temple
  5410 | Temple   | Became a worshipper of Vehumet
  5807 | D:5      | Reached skill level 8 in Stealth
  6029 | D:5      | Reached XP level 8. HP: 36/36 MP: 9/17
  6662 | D:6      | Reached * piety under Vehumet
  6662 | D:6      | Offered knowledge of Shock by Vehumet.
  6787 | D:6      | Got a smoking dagger
  6788 | D:6      | Identified the +11 dagger "Avierese" {drain, -Tele rElec rC+ Str+5} (You found it on level 6 of the Dungeon)
  6895 | D:6      | Found Gucw's Magic Scroll Shoppe.
  6902 | D:6      | Bought a scroll of identify for 20 gold pieces
  6930 | D:6      | Reached skill level 9 in Stealth
  7290 | D:7      | Noticed a hippogriff
  7374 | D:7      | Killed a hippogriff
  7374 | D:7      | Reached skill level 5 in Short Blades
  7560 | D:7      | Reached skill level 10 in Stealth
  7738 | D:7      | Found a runed door.
  7892 | D:7      | Found a snail-covered altar of Cheibriados.
  8106 | D:7      | Noticed Crazy Yiuf
  8110 | D:7      | Killed Crazy Yiuf
  8171 | D:8      | Reached XP level 9. HP: 25/40 MP: 15/20
  8292 | D:8      | Noticed a hand axe
  8294 | D:8      | Found a hide-covered altar of Uskayaw.
  8294 | D:8      | Noticed a hand axe
  8540 | D:8      | Offered knowledge of Sting by Vehumet.
  8606 | D:8      | Found a hazy altar of Hepliaklqana.
  8634 | D:8      | Noticed Lucio's ghost (novice VSCj)
  8636 | D:8      | Reached ** piety under Vehumet
  8665 | D:8      | Killed Lucio's ghost
  8678 | D:8      | Noticed a manticore
  8689 | D:8      | Killed a manticore
  8689 | D:8      | Reached skill level 1 in Fighting
  8808 | D:8      | Reached skill level 11 in Stealth
  8971 | D:8      | Reached skill level 10 in Hexes
  9558 | D:9      | Found a bloodstained altar of Trog.
  9559 | D:9      | Found a sparkling altar of Nemelex Xobeh.
  9560 | D:9      | Found a white marble altar of Elyvilon.
  9561 | D:9      | Found a deep blue altar of Sif Muna.
  9753 | D:9      | Offered knowledge of Conjure Flame by Vehumet.
  9770 | D:9      | Reached XP level 10. HP: 45/45 MP: 14/23
 10172 | D:9      | Found a staircase to the Lair.
 10190 | D:9      | Reached skill level 12 in Stealth
 10320 | D:9      | Reached *** piety under Vehumet
 10708 | D:9      | Offered knowledge of Sticky Flame by Vehumet.
 10785 | Lair:1   | Entered Level 1 of the Lair of Beasts
 10836 | Lair:1   | Identified a scroll of acquirement
 10876 | Lair:1   | Noticed Erica
 10954 | Lair:1   | Reached skill level 13 in Stealth
 11115 | Lair:1   | Noticed a seven-headed hydra
 11125 | Lair:1   | Killed a seven-headed hydra
 11199 | Lair:1   | Reached XP level 11. HP: 49/49 MP: 22/25
 11276 | Lair:1   | Reached **** piety under Vehumet
 11276 | Lair:1   | Reached skill level 10 in Spellcasting
 11318 | Lair:1   | Reached skill level 14 in Stealth
 11374 | Lair:1   | Offered knowledge of Yara's Violent Unravelling by Vehumet.
 11522 | Lair:1   | Learned a level 5 spell: Yara's Violent Unravelling
 12260 | Lair:2   | Found a staircase to the Snake Pit.
 12581 | Lair:2   | Noticed a four-headed hydra
 12582 | Lair:2   | Noticed an eight-headed hydra
 12586 | Lair:2   | Killed an eight-headed hydra
 12586 | Lair:2   | Reached skill level 15 in Stealth
 12593 | Lair:2   | Killed a four-headed hydra
 12977 | Lair:2   | Found a staircase to the Shoals.
 13027 | Lair:2   | Reached XP level 12. HP: 41/53 MP: 11/28
 13553 | Lair:3   | Reached skill level 5 in Dodging
 13806 | Lair:3   | Noticed a six-headed hydra
 13836 | Lair:3   | Killed a six-headed hydra
 14439 | Lair:3   | Reached skill level 16 in Stealth
 14785 | Lair:4   | Reached ***** piety under Vehumet
 14959 | Lair:4   | Offered knowledge of Lightning Bolt by Vehumet.
 14966 | Lair:4   | Learned a level 5 spell: Lightning Bolt
 15717 | Lair:5   | Reached skill level 17 in Stealth
 15995 | Lair:5   | Noticed a four-headed hydra
 16018 | Lair:5   | Killed a four-headed hydra
 16091 | Lair:5   | Reached XP level 13. HP: 53/58 MP: 14/30
 17668 | Lair:6   | Entered Level 6 of the Lair of Beasts
 17687 | Lair:5   | Reached skill level 15 in Hexes
 18146 | Lair:6   | Reached skill level 18 in Stealth
 18253 | Lair:6   | Found a staircase to the Slime Pits.
 18292 | Lair:6   | Noticed Frank's ghost (journeyman GrFi)
 18607 | Lair:6   | Slain by a dream sheep

Skill      XL: |  1  2  3  4  5  6  7  8  9 10 11 12 13 |
---------------+----------------------------------------+-----
Hexes          | 4 5 6 7 9 10 11 13 14 15 | 15.2
Stealth        | 5 6 7 8 10 11 13 15 17 18 | 18.3
Spellcasting   | 3 4 5 6 8 9 11 12 13 | 13.2
Short Blades   | 2 3 5 6 7 8 9 |  9.2
Ice Magic      | 1 2 |  2.0
Fighting       | 1 2 |  2.5
Dodging        | 4 5 |  5.7

Action                   |  1- 3 |  4- 6 |  7- 9 | 10-12 | 13-15 || total
-------------------------+-------+-------+-------+-------+-------++-------
Melee: Dagger            |   122 |   210 |   264 |   346 |   137 ||  1079
 Cast: Corona            |    15 |     1 |       |       |       ||    16
       Ensorcelled Hiber |    28 |    35 |    17 |    24 |    10 ||   114
       Confuse           |     2 |    36 |   101 |   162 |    94 ||   395
       Yara's Violent Un |       |       |       |     1 |       ||     1
  Use: Scroll            |       |     9 |     5 |    12 |       ||    26
 Stab: Sleeping          |    23 |    29 |    20 |    37 |    13 ||   122
       Confused          |     2 |    15 |    42 |    72 |    28 ||   159
       Distracted        |       |     1 |       |       |       ||     1
  Eat: Bread ration      |       |     2 |     1 |     1 |       ||     4
       Pizza             |       |       |       |     1 |       ||     1
Armor: Robe              |    23 |    14 |    16 |    12 |    12 ||    77
Dodge: Dodged            |   111 |   142 |   107 |    81 |    85 ||   526
